 Dungeon Crawl Stone Soup version 0.16-a0-3467-gfe061fe (webtiles) character file.

2349 NewYearsCrawler the Blocker (level 9, -1/64 HPs)
             Began as a Formicid Fighter on Jan 2, 2015.
             Was a Believer of Okawaru.
             Succumbed to a killer bee's poison
             ... on level 7 of the Dungeon.
             The game lasted 00:11:21 (7236 turns).

NewYearsCrawler the Blocker (Formicid Fighter)      Turns: 7236, Time: 00:11:22

Health: -1/64      AC: 12    Str: 22 (23) XL:     9   Next: 71%
Magic:  12/12      EV:  9    Int:  9      God:    Okawaru [**....]
Gold:   221        SH: 12    Dex: 10      Spells: 0 memorised, 8 levels left

rFire  . . .     SeeInvis +     a - +1 war axe
rCold  . . .     Clarity  .     t - +4 scale mail {MR+}
rNeg   + . .     SustAb   .     c - +0 shield
rPois  .         Gourm    .     (helmet unavailable)
rElec  .         Spirit   .     (no cloak)
rCorr  .         Warding  .     (no gloves)
rMut   .         Stasis   +     (no boots)
MR     +....                    (no amulet)
Stlth  ..........               o - +2 ring of protection
                                u - ring of positive energy

@: lethally poisoned, somewhat resistant to hostile enchantments, extremely
unstealthy
A: permanent stasis, dig shafts and tunnels, four strong arms, antennae 3,
breathe flames 1
a: Dig, Shaft Self, Heroism, Renounce Religion, Breathe Fire


You were on level 7 of the Dungeon.
You worshipped Okawaru.
Okawaru was pleased with you.
You were not hungry.

You visited 2 branches of the dungeon, and saw 8 of its levels.

You collected 321 gold pieces.
You spent 100 gold pieces at shops.

Inventory:

Hand weapons
 a - a +1 war axe (weapon)
Missiles
 m - 4 tomahawks (quivered)
 r - 5 steel tomahawks
 x - 3 javelins
Armour
 c - a +0 shield (worn)
 t - a +4 scale mail of magic resistance (worn)
Jewellery
 o - a +2 ring of protection (right hand)
 q - an uncursed ring of sustain abilities
 u - a ring of positive energy (left hand)
Magical devices
 j - a wand of digging (14)
Scrolls
 g - a scroll of enchant weapon
 i - 2 scrolls of remove curse
 n - a scroll of enchant armour
 v - a scroll of recharging
 w - 3 scrolls of identify
Books
 s - a Necronomicon {highlevel, unknown}

   This book is beyond your current level of understanding.

   Spells                             Type                      Level
   a - Haunt                          Necromancy/Summoning         7
   b - Borgnjor's Revivification      Necromancy                   8
   c - Death's Door                   Charms/Necromancy            8
   d - Necromutation                  Transmutation/Necromancy     8
Comestibles
 b - 7 chunks of flesh
 d - 5 bread rations
 k - 5 meat rations
 l - 10 fruits
 p - 2 slices of pizza
 A - 3 beef jerkies


   Skills:
 - Level 3.2 Fighting
 * Level 9.7 Axes
 - Level 3.2 Armour
 - Level 10.1 Shields


You had 8 spell levels left.
You didn't know any spells.

Dungeon Overview and Level Annotations

Branches:
Dungeon (7/15)             Temple (1/1) D:4

Altars:
Ashenzari
Cheibriados
Dithmenos
Elyvilon
Fedhas
Gozag
Kikubaaqudgha
Makhleb
Nemelex Xobeh
Okawaru
Qazlal
Ru
Sif Muna
Vehumet
Xom
Yredelemnul
Zin
The Shining One

Shops:
D:7 %


Innate Abilities, Weirdness & Mutations

You are under a permanent stasis effect.
You can dig through walls and to a lower floor.
Your four strong arms can wield two-handed weapons with a shield.
You have a pair of large antennae on your head (SInv).
You can breathe flames.


Message History

Okay, then.
You barely miss the killer bee.
The killer bee is lightly wounded.
* * * LOW HITPOINT WARNING * * *
You feel sick. You block the killer bee's attack.
The killer bee barely misses you.
You slash the killer bee!
The killer bee is heavily wounded.
* * * LOW HITPOINT WARNING * * *
You feel sick.
The killer bee stings you but does no damage.
You block the killer bee's attack.
You barely miss the killer bee.
The killer bee is heavily wounded.
* * * LOW HITPOINT WARNING * * *
You feel sick. You block the killer bee's attack.
You block the killer bee's attack.
You completely miss the killer bee.
The killer bee is heavily wounded.
You die...

.................................
....(............................
.!...............................
)................................
..###.........y..................
..# ###........{..#.###..........
... ###...##y#### #.......†..
.... ##..###y## . #.........
....# #..# ##@# #. #.........
....# #..# ### #.####........
...## #..# #..# #.......# ..#
#..# #..###.....### #..#
#.......### #..# #.......## #...
#........## ##. ##<........##
###...........##


You could see 2 killer bees.

Vanquished Creatures
  Joseph (D:7)
  A sky beast (D:6)
  A black bear (D:6)
  3 ogres
  An orc warrior (D:6)
  Sigmund (D:5)
  3 giant frogs
  A scorpion (D:4)
  A killer bee (D:7)
  A water moccasin skeleton (D:6)
  A goliath beetle (D:6)
  3 crimson imps
  A giant frog zombie (D:6)
  2 hounds
  2 giant frog skeletons (D:5)
  A jelly (D:6)
  6 orc wizards
  An iguana (D:5)
  Natasha (thrice) (D:5)
  4 orc priests
  2 worker ants (D:5)
  Ijyb (D:5)
  Terence (D:3)
  A hound skeleton (D:4)
  2 worker ant zombies (D:5)
  Robin (D:3)
  8 adders
  3 gnolls (D:2)
  A shadow imp (D:6)
  2 giant mites
  A worm (D:4)
  3 adder skeletons
  4 giant geckos
  2 oozes
  25 orcs
  2 ball pythons (D:2)
  13 bats
  3 giant cockroaches
  11 hobgoblins
  7 jackals
  21 kobolds
  A giant gecko zombie (D:6)
  5 giant newts
  24 goblins
  4 quokkas
  A quokka skeleton (D:5)
  13 rats
  5 ballistomycetes (D:6)
205 creatures vanquished.

Vanquished Creatures (others)
  A giant spore (D:6)
  2 butterflies (D:6)
3 creatures vanquished.

Grand Total: 208 creatures vanquished

Notes
Turn   | Place    | Note
--------------------------------------------------------------
     0 | D:1      | NewYearsCrawler, the Formicid Fighter, began the quest for the Orb.
     0 | D:1      | Reached XP level 1. HP: 18/18 MP: 1/1
    44 | D:1      | Reached skill level 4 in Shields
    98 | D:1      | Reached XP level 2. HP: 18/24 MP: 3/3
   445 | D:1      | Reached XP level 3. HP: 29/29 MP: 4/4
   629 | D:2      | Reached XP level 4. HP: 27/35 MP: 5/5
   630 | D:2      | Reached skill level 5 in Shields
  1089 | D:2      | Reached XP level 5. HP: 38/41 MP: 7/7
  1093 | D:2      | Found a white marble altar of Elyvilon.
  1324 | D:2      | Found an ancient bone altar of Kikubaaqudgha.
  1428 | D:3      | Noticed Terence
  1440 | D:3      | Killed Terence
  1571 | D:3      | Reached skill level 6 in Shields
  1571 | D:3      | Reached XP level 6. HP: 22/47 MP: 8/8
  1869 | D:3      | Noticed Robin
  1894 | D:3      | Killed Robin
  2730 | D:4      | Found an opulent altar of Gozag.
  2863 | D:4      | Reached skill level 7 in Shields
  3034 | D:4      | Reached XP level 7. HP: 39/52 MP: 9/9
  3369 | D:4      | Found a staircase to the Ecumenical Temple.
  3416 | D:4      | Reached skill level 5 in Axes
  3461 | Temple   | Entered the Ecumenical Temple
  3483 | Temple   | Became a worshipper of Warmaster Okawaru
  3736 | D:5      | Entered Level 5 of the Dungeon
  3762 | D:5      | Noticed Sigmund
  3787 | D:5      | Killed Sigmund
  3936 | D:5      | Noticed Natasha
  3951 | D:5      | Killed Natasha
  3951 | D:5      | Reached skill level 8 in Shields
  3988 | D:5      | Noticed Natasha
  4001 | D:5      | Killed Natasha
  4062 | D:5      | Noticed Ijyb
  4077 | D:5      | Killed Ijyb
  4132 | D:5      | Reached XP level 8. HP: 4/58 MP: 11/11
  4136 | D:5      | HP: 2/87 [orc/war axe (3)]
  4692 | D:5      | Noticed Natasha
  4700 | D:5      | Killed Natasha
  4700 | D:5      | Acquired Okawaru's first power
  5028 | D:5      | Reached skill level 9 in Shields
  5508 | D:6      | Reached XP level 9. HP: 34/64 MP: 12/12
  5896 | D:6      | Reached skill level 10 in Shields
  5993 | D:6      | Gained mutation: You can breathe flames. [potion of beneficial mutation]
  6796 | D:4      | You fall through a shaft!
  6879 | D:7      | Found Quam's Food Emporium.
  6887 | D:7      | Bought a meat ration for 50 gold pieces
  6887 | D:7      | Bought a meat ration for 50 gold pieces
  6985 | D:7      | Noticed Joseph
  7010 | D:7      | Killed Joseph
  7233 | D:7      | HP: 3/64 [poisoned by a killer bee]
  7235 | D:7      | HP: 1/64 [poisoned by a killer bee]
  7236 | D:7      | Succumbed to a killer bee's poison

Action                   |  1- 3 |  4- 6 |  7- 9 || total
-------------------------+-------+-------+-------++-------
Melee: War axe           |    72 |   233 |   458 ||   763
 Abil: Dig               |       |       |     1 ||     1
  Use: Potion            |       |     5 |     8 ||    13
       Scroll            |       |       |    11 ||    11
 Stab: Invisible         |       |     3 |       ||     3
       Confused          |       |       |     2 ||     2
  Eat: Chunk             |       |     7 |    15 ||    22
